 Dungeon Crawl Stone Soup version 0.32-a0-779-g362cfcae2a (webtiles) character file.

Game seed: 11415558450762797253

30 smashvw the Grasshopper (level 3, -2/31 HPs)
             Began as a Gnoll Warper on Mar 19, 2024.
             Slain by a gnoll
             ... wielding a +0 halberd
              (11 damage)
             ... on level 2 of the Dungeon.
             The game lasted 00:02:02 (1241 turns).

smashvw the Grasshopper (Gnoll Warper)              Turns: 1241, Time: 00:02:02

Health: -2/31      AC:  3    Str: 10    XL:     3   Next: 20%
Magic:  9/9        EV: 12    Int: 12    God:
Gold:   42         SH:  0    Dex: 13    Spells: 12/12 levels left

rFire   . . .        f - +0 short sword (speed)
rCold   . . .        (no shield)
rNeg    . . .        b - +0 leather armour
rPois   .            (no helmet)
rElec   .            (no cloak)
rCorr   .            (no gloves)
SInv    .            (no boots)
Will    .....        (no amulet)
Stlth   +            (no ring)
HPRegen 0.25/turn    (no ring)
MPRegen 0.11/turn

%: no passive effects
@: confused, ambrosia-drunk
A: fangs 1, strong nose, distributed training
a: no special abilities


You were on level 2 of the Dungeon.
You visited 1 branch of the dungeon, and saw 2 of its levels.

You collected 42 gold pieces.

Inventory:

Hand Weapons
 f - a +0 short sword of speed (weapon)
Missiles
 d - 7 darts of dispersal (quivered)
 h - 10 stones
 j - a throwing net
 l - 3 boomerangs
Armour
 b - a +0 leather armour (worn)
Magical Staves
 k - the staff of Nemelex Xobeh's Whim {rPois rF- rN+ Str+4 SInv Necro}
   (You found it on level 2 of the Dungeon)

   [staff of death]

   Base accuracy: +5 Base damage: 5 Base attack delay: 1.2 This weapon's minimum
   attack delay (0.6) is reached at skill level 12.
   Str+4:     It affects your strength (+4).
   rF-:       It makes you vulnerable to fire.
   rPois:     It protects you from poison.
   rN+:       It protects you from negative energy.
   SInv:      It lets you see invisible.
   Necro:     It increases the power of your Necromancy spells.
   It falls into the 'Staves' category.
   It is a one-handed weapon.
Scrolls
 a - a scroll of identify {unknown}
 c - a scroll of blinking
 e - a scroll of immolation {unknown}
 i - a scroll of teleportation {unknown}
Potions
 g - a potion of ambrosia


   Skills:
 + Level 4.5 Fighting
 + Level 4.5 Short Blades
 + Level 0.7 Long Blades
 + Level 0.7 Axes
 + Level 0.7 Maces & Flails
 + Level 0.7 Polearms
 + Level 0.7 Staves
 + Level 0.7 Ranged Weapons
 + Level 2.6 Throwing
 + Level 2.6 Armour
 + Level 4.5 Dodging
 + Level 0.7 Stealth
 + Level 0.7 Shields
 + Level 0.7 Unarmed Combat
 + Level 5.0 Spellcasting
 + Level 0.5 Conjurations
 + Level 0.5 Hexes
 + Level 0.5 Summonings
 + Level 0.5 Necromancy
 + Level 5.4 Translocations
 + Level 0.5 Fire Magic
 + Level 0.5 Ice Magic
 + Level 0.5 Air Magic
 + Level 0.5 Earth Magic
 + Level 0.5 Alchemy
 + Level 0.9 Invocations
 + Level 0.7 Evocations
 + Level 0.6 Shapeshifting


You had 12 spell levels left.
You didn't know any spells.
Your spell library contained the following spells:

 Spells                   Type           Power      Damage    Failure   Level
 Blink                    Tloc           32%        N/A       4%          2
 Lesser Beckoning         Tloc           32%        N/A       4%          2
 Teleport Other           Tloc           16%        N/A       9%          3
 Manifold Assault         Tloc           16%        N/A       28%         4
 Vhi's Electric Charge    Tloc/Air       20%        N/A       61%         4


Dungeon Overview and Level Annotations

Branches:
Dungeon (2/15)

Altars:


Innate Abilities, Weirdness & Mutations

You have very sharp teeth.
Your uncanny sense of smell can sniff out nearby items.
Your experience applies equally to all skills.


Message History

Found 3 boomerangs.
The quokka bites you but does no damage.
You hit the quokka.
The quokka is severely wounded.
You hit the quokka.
You kill the quokka!
No target in view!
l - 3 boomerangs You now have 42 gold pieces (gained 5).
You open the door.
A gnoll comes into view. It is wielding a +0 flail.
Found 20 gold pieces.
A gnoll comes into view. It is wielding a +0 halberd.
The gnoll shouts! x2
The gnoll hits you from afar with a +0 halberd.
There is an open door here.
You barely miss the gnoll. You hit the gnoll.
The gnoll is moderately wounded.
The gnoll barely misses you. x2
You hit the gnoll.
The gnoll is heavily wounded.
You barely miss the gnoll.
The gnoll is heavily wounded.
The gnoll hits you from afar with a +0 halberd.
The gnoll hits you with a +0 flail!
You hit the gnoll.
The gnoll is heavily wounded.
You hit the gnoll but do no damage.
The gnoll is heavily wounded.
The gnoll hits you from afar with a +0 halberd!
* * * LOW HITPOINT WARNING * * *
The gnoll barely misses you.
You are too injured to fight recklessly!
Sorry, you're not good enough to have a special ability.
It was a potion of ambrosia.
You are confused.
You feel invigorated.
The gnoll hits you from afar with a +0 halberd!
You die...

..####.......P♣♣♣...♣.♣♣♣
.# #.#
######.#.♣P..♣.P.♣.. .# #
#.#
#..♣.....♣.♣....###.#.#
#.#
#..♣♣♣#.♣♣.♣♣♣.........
#.# #...
#+#.......♣♣..... #.#
#..♣##.##.P♣♣♣♣..P# ..#
##♣♣ g$.#.♣.......# ..#
## ♣##g##♣..♣♣.♣♣♣#
..###....
♣♣P#@#♣†♣♣.♣§P§.#
<......#
♣.P.#♣.♣♣.§§§♣§♣#
..####.# #P.♣P.P...§♣P.P#
.......# #.......#...P.##
..########
#♣♣.#.♣####..♣#
..................# ####
..################# ..#
..#


You could see 2 gnolls.

Vanquished Creatures
  2 dart slugs (D:1)
  4 bats (D:1)
  2 endoplasms (D:1)
  A giant cockroach (D:1)
  3 goblins (D:1)
  A hobgoblin (D:1)
  2 jackals (D:1)
  2 quokkas (D:2)
  A ball python (D:2)
  2 kobolds
  4 rats (D:1)
24 creatures vanquished.

Notes
Turn   | Place    | Note
-------+----------+-------------------------------------------
     0 | D:1      | smashvw the Gnoll Warper began the quest for the Orb.
     0 | D:1      | Reached XP level 1. HP: 20/20 MP: 6/6
   149 | D:1      | Reached XP level 2. HP: 26/26 MP: 7/7
   695 | D:1      | Reached skill level 5 in Spellcasting
   695 | D:1      | Reached XP level 3. HP: 31/31 MP: 7/9
  1134 | D:2      | Identified the staff of Nemelex Xobeh's Whim {rPois rF- rN+
                  | Str+4 SInv Necro}
  1241 | D:2      | Slain by a gnoll

Illustrated notes

Levels and vault maps discovered:
D:1:      kilobyte_arrival_exit_the_forest, layout_loops_cross
D:2:      wad_woods_tower, layout_loops_ring, amethyst_killhole

Skill      XL: |  1  2 |
---------------+-------+-----
Spellcasting   | 5 |  5.0
Fighting       | |  4.5
Short Blades   | |  4.5
Long Blades    | |  0.7
Axes           | |  0.7
Maces & Flails | |  0.7
Polearms       | |  0.7
Staves         | |  0.7
Ranged Weapons | |  0.7
Throwing       | |  2.6
Armour         | |  2.6
Dodging        | |  4.5
Stealth        | |  0.7
Shields        | |  0.7
Unarmed Combat | |  0.7
Conjurations   | |  0.5
Hexes          | |  0.5
Summonings     | |  0.5
Necromancy     | |  0.5
Translocations | |  5.4
Fire Magic     | |  0.5
Ice Magic      | |  0.5
Air Magic      | |  0.5
Earth Magic    | |  0.5
Alchemy        | |  0.5
Invocations    | |  0.9
Evocations     | |  0.7
Shapeshifting  | |  0.6

Action                     || total
---------------------------++-------
  Melee: Short sword       ||   112
         Bite              ||     9
    Use: Potion            ||     1
   Stab: Sleeping          ||     1
 Armour: Leather armour    ||    43
  Dodge: Dodged            ||    48

Table legend: (Time is in decaauts)
 A = Elapsed time spent in this place.
 B = Non-inter-level travel time spent in this place.
 C = Inter-level travel time spent in this place.
 D = Time resting spent in this place.
 E = Time spent auto-exploring this place.
 F = Levels seen in this place.
 G = Mean time per level.
                   A        B        C        D        E       F      G
               +--------+--------+--------+--------+--------+-----+--------+
         Total |   1200 |   1155 |     45 |      0 |   1008 |   2 |  600.0 |
       Dungeon |   1200 |   1155 |     45 |      0 |   1008 |   2 |  600.0 |
               +--------+--------+--------+--------+--------+-----+--------+

Top non-repeatable levels by time:
     D:1: 1040 daAuts
     D:2: 160 daAuts
